[Event "IV Estrellas 2022"]
[Site "La Palma"]
[Date "2022.08.07"]
[Round "2.8"]
[White "Miranda Herrera, Miguel"]
[Black "Pierrot, Facundo"]
[Result "1/2-1/2"]
[ECO "D41"]
[WhiteElo "1904"]
[BlackElo "2371"]
[Annotator "RC"]
[PlyCount "125"]
[EventDate "2022.08.06"]
[EventType "swiss"]
[EventCountry "ESP"]
[SourceTitle "playchess.com"]
[Source "ChessBase"]
[SourceQuality "1"]
[TimeControl "5400+30"]

1. c4 c6 2. e4 d5 3. exd5 cxd5 4. cxd5 Nf6 5. Nc3 Nxd5 6. Bc4 e6 7. Nf3 Be7 8. O-O O-O 9. d4 Nxc3 10. bxc3 Qc7 11. Qe2 Nc6 12. Bd3 Bd7 13. Ng5 Bxg5 14. Bxg5 Rae8 15. Rfe1 f5 16. Qd2 Qa5 17. Rab1 b6 18. Bf4 Ne7 19. Bc4 Nd5 20. Bd6 Rf7 21. Rb3 Qa4 22. Bf1 Qc6 23. Be5 Ne7 24. c4 Ng6 25. c5 bxc5 26. Rc1 Qa8 27. Rxc5 Bc6 28. Rxc6 Nxe5 29. dxe5 Qxc6 30. Bb5 Qa8 31. Bxe8 Qxe8 32. Rd3 Rb7 33. g3 Qc6 34. Rb3 Rd7 35. Rd3 Rxd3 36. Qxd3 h6 37. Qd4 a6 38. h4 Kf7 39. a4 Kg6 40. Kh2 Qc2 41. Kg1 a5 42. Qb6 Qd1+ 43. Kh2 Qd5 44. Qb5 Qf3 45. Qe8+ Kh7 46. h5 Qxf2+ 47. Kh3 Qf1+ 48. Kh2 Qe2+ 49. Kg1 Qe3+ 50. Kg2 Qe4+ 51. Kg1 Qg4 52. Kf2 f4 53. gxf4 Qxf4+ 54. Kg2 Qf5 55. Kg1 Qg4+ 56. Kf2 Qf4+ 57. Kg2 Qf5 58. Kg1 g6 59. Qe7+ Kg8 60. Qd8+ Kg7 61. Qc7+ Kg8 62. Qd8+ Kg7 63. Qe8 1/2-1/2

[Event "IV Estrellas 2022"]
[Site "La Palma"]
[Date "2022.08.07"]
[Round "2.9"]
[White "Pap, Misa"]
[Black "Marrero Rodriguez, Jorge"]
[Result "1/2-1/2"]
[ECO "B12"]
[WhiteElo "2375"]
[BlackElo "1941"]
[Annotator "RC"]
[PlyCount "59"]
[EventDate "2022.08.06"]
[EventType "swiss"]
[EventCountry "ESP"]
[SourceTitle "playchess.com"]
[Source "ChessBase"]
[SourceQuality "1"]
[TimeControl "5400+30"]

1. e4 c6 2. Ne2 d5 3. e5 Bf5 4. Ng3 Bg6 5. h4 h5 6. d4 e6 7. Be2 c5 8. c3 Nc6 9. b3 cxd4 10. cxd4 Qb6 11. Bb2 Bb4+ 12. Kf1 Be7 13. Bxh5 Bxh5 14. Nxh5 g6 15. Nf4 Rxh4 16. Rxh4 Bxh4 17. Qg4 Be7 18. Kg1 Nh6 19. Qd1 Nf5 20. Ne2 Rc8 21. g3 Bg5 22. Kg2 Be3 23. Nbc3 Qd8 24. Nb5 a6 25. Na3 Qg5 26. Nc2 Nh4+ 27. Kg1 Nf3+ 28. Kg2 Nh4+ 29. Kg1 Nf3+ 30. Kg2 1/2-1/2

[Event "IV Estrellas 2022"]
[Site "La Palma"]
[Date "2022.08.07"]
[Round "2.10"]
[White "Arnaiz Yanes, Miguel Angel"]
[Black "Roeder, Matthias"]
[Result "0-1"]
[ECO "D03"]
[WhiteElo "1923"]
[BlackElo "2357"]
[Annotator "RC"]
[PlyCount "86"]
[EventDate "2022.08.06"]
[EventType "swiss"]
[EventCountry "ESP"]
[SourceTitle "playchess.com"]
[Source "ChessBase"]
[SourceQuality "1"]
[TimeControl "5400+30"]

1. d4 d5 2. Nf3 Nf6 3. Bg5 Ne4 4. Bf4 c5 5. Bxb8 Rxb8 6. c3 Qb6 7. Qb3 e6 8. e3 Bd6 9. Qxb6 axb6 10. Bb5+ Bd7 11. Bxd7+ Kxd7 12. Ne5+ Ke7 13. Nd2 b5 14. f3 Nxd2 15. Kxd2 b4 16. Nd3 bxc3+ 17. bxc3 c4 18. Nb4 Ra8 19. Nc2 Kd7 20. Rhb1 Kc6 21. h3 Ra4 22. Rb2 Rha8 23. Rab1 R8a7 24. Ra1 b5 25. Kd1 g5 26. e4 h5 27. e5 Ba3 28. Rbb1 h4 29. Ke2 Be7 30. Rb2 f6 31. exf6 Bxf6 32. Kd2 R4a5 33. Re1 Kd7 34. Reb1 Kc6 35. Re1 Re7 36. Kc1 Kd6 37. Nb4 Ra3 38. Rc2 e5 39. Kb2 Ra4 40. dxe5+ Bxe5 41. Nxd5 Kxd5 42. Rd2+ Ke6 43. Re4 b4 0-1

[Event "IV Estrellas 2022"]
[Site "La Palma"]
[Date "2022.08.07"]
[Round "2.11"]
[White "Garcia Blanco, Omar"]
[Black "Rodriguez Miranda, Sergio"]
[Result "1-0"]
[ECO "C09"]
[WhiteElo "2352"]
[BlackElo "1906"]
[Annotator "RC"]
[PlyCount "95"]
[EventDate "2022.08.06"]
[EventType "swiss"]
[EventCountry "ESP"]
[SourceTitle "playchess.com"]
[Source "ChessBase"]
[SourceQuality "1"]
[TimeControl "5400+30"]

1. e4 e6 2. d4 d5 3. Nd2 c5 4. exd5 exd5 5. Ngf3 Nc6 6. Bb5 Bd6 7. dxc5 Bxc5 8. O-O Nge7 9. Nb3 Bd6 10. Re1 O-O 11. h3 Bf5 12. Bd3 Qd7 13. Bxf5 Qxf5 14. Nbd4 Qg6 15. c3 h6 16. Qb3 Rab8 17. Nb5 Bc5 18. Be3 Bxe3 19. Rxe3 a6 20. Nbd4 Rfd8 21. Rd1 Rd7 22. Rd2 Rbd8 23. Qd1 Qf6 24. Nxc6 Nxc6 25. Red3 Qf5 26. Nd4 Qe4 27. Re3 Qf4 28. Qe2 Qf6 29. Nxc6 Qxc6 30. Rd4 b5 31. Qd2 Kf8 32. Red3 Ke8 33. Rg3 Kf8 34. Rdg4 Qf6 35. Rf3 Qe5 36. Rd4 Qe6 37. Rfd3 Qc6 38. b3 Ke8 39. Rg3 Kf8 40. Rdg4 Qf6 41. Rf3 Qb6 42. Qd3 Rd6 43. Qh7 Rf6 44. Qxg7+ Ke7 45. Rg6 Rdd6 46. Rgxf6 Rxf6 47. Re3+ Re6 48. Qxh6 1-0

[Event "IV Estrellas 2022"]
[Site "La Palma"]
[Date "2022.08.07"]
[Round "2.12"]
[White "Segura Marsa, Andres"]
[Black "Herrera Reyes, Jose Antonio"]
[Result "0-1"]
[ECO "B40"]
[WhiteElo "1849"]
[BlackElo "2345"]
[Annotator "RC"]
[PlyCount "36"]
[EventDate "2022.08.06"]
[EventType "swiss"]
[EventCountry "ESP"]
[SourceTitle "playchess.com"]
[Source "ChessBase"]
[SourceQuality "1"]
[TimeControl "5400+30"]

1. e4 c5 2. Nf3 e6 3. Nc3 a6 4. g3 b6 5. Bg2 Bb7 6. O-O Qc7 7. Re1 d6 8. d4 cxd4 9. Nxd4 Be7 10. Nd5 exd5 11. exd5 Bc8 12. a4 Nf6 13. Qe2 Ra7 14. Ra3 O-O 15. Bg5 Nxd5 16. Bxd5 Bxg5 17. Qh5 h6 18. Rf3 Qc5 0-1

[Event "IV Estrellas 2022"]
[Site "La Palma"]
[Date "2022.08.07"]
[Round "2.13"]
[White "Del Rey, Diego"]
[Black "Ramirez Maillo, Cristian"]
[Result "1-0"]
[ECO "E61"]
[WhiteElo "2358"]
[BlackElo "1896"]
[Annotator "RC"]
[PlyCount "49"]
[EventDate "2022.08.06"]
[EventType "swiss"]
[EventCountry "ESP"]
[SourceTitle "playchess.com"]
[Source "ChessBase"]
[SourceQuality "1"]
[TimeControl "5400+30"]

1. d4 Nf6 2. Nf3 g6 3. c4 Bg7 4. Nc3 O-O 5. Bg5 d6 6. e3 c5 7. Be2 Bf5 8. O-O Nbd7 9. h3 h6 10. Bh4 Qb6 11. g4 Be4 12. Nxe4 Nxe4 13. Qc2 f5 14. gxf5 gxf5 15. Bd3 cxd4 16. exd4 Ndf6 17. Kh1 Qc6 18. Rg1 Kh8 19. d5 Qd7 20. Nd4 Nxd5 21. Rxg7 Kxg7 22. cxd5 Rac8 23. Qe2 Rf7 24. Qh5 Rh8 25. Ne6+ 1-0

[Event "IV Estrellas 2022"]
[Site "La Palma"]
[Date "2022.08.07"]
[Round "2.14"]
[White "Perogio, Lorenzo"]
[Black "Acosta Sosa, Juan Manuel"]
[Result "0-1"]
[ECO "B23"]
[WhiteElo "1890"]
[BlackElo "2310"]
[Annotator "RC"]
[PlyCount "46"]
[EventDate "2022.08.06"]
[EventType "swiss"]
[EventCountry "ESP"]
[SourceTitle "playchess.com"]
[Source "ChessBase"]
[SourceQuality "1"]
[TimeControl "5400+30"]

1. e4 c5 2. Nc3 Nc6 3. f4 g6 4. Nf3 Bg7 5. Bb5 Nd4 6. O-O a6 7. Bd3 e6 8. Ne2 Nxf3+ 9. Rxf3 d5 10. c3 Ne7 11. Ng3 O-O 12. Bc2 b5 13. f5 Nc6 14. Rf1 d4 15. cxd4 Nxd4 16. fxg6 hxg6 17. d3 Ra7 18. Ne2 Qh4 19. g3 Qh8 20. Rb1 Rd7 21. b3 Bb7 22. Bg5 Qh5 23. Nxd4 Bxd4+ 0-1

[Event "IV Estrellas 2022"]
[Site "La Palma"]
[Date "2022.08.07"]
[Round "2.15"]
[White "Brito Garcia, Alfredo"]
[Black "Gil Jimenez, Ruben"]
[Result "1-0"]
[ECO "A07"]
[WhiteElo "2291"]
[BlackElo "1675"]
[Annotator "RC"]
[PlyCount "75"]
[EventDate "2022.08.06"]
[EventType "swiss"]
[EventCountry "ESP"]
[SourceTitle "playchess.com"]
[Source "ChessBase"]
[SourceQuality "1"]
[TimeControl "5400+30"]

1. Nf3 d5 2. g3 c6 3. Bg2 Bg4 4. h3 Bh5 5. d3 e6 6. O-O f5 7. c4 Nf6 8. Qb3 Qb6 9. Qc2 Nbd7 10. Be3 Bc5 11. Bxc5 Qxc5 12. Nbd2 Bxf3 13. Nxf3 O-O 14. b4 Qd6 15. d4 dxc4 16. Qxc4 Nb6 17. Qb3 Qd5 18. Rab1 Qxb3 19. Rxb3 a6 20. e3 Ne4 21. Rc1 Nd5 22. Ne5 Nd6 23. Bf1 Nc7 24. Nd7 Rf7 25. Nc5 a5 26. bxa5 Rxa5 27. Nxb7 Nxb7 28. Rxb7 Rxa2 29. Rxc6 Ne8 30. Rxf7 Kxf7 31. Bc4 Ra1+ 32. Kg2 Nf6 33. Rxe6 Kg6 34. Bd3 Rd1 35. Bc2 Rd2 36. Rc6 Kg5 37. Kf1 Ne4 38. Ke1 1-0

[Event "IV Estrellas 2022"]
[Site "La Palma"]
[Date "2022.08.07"]
[Round "2.16"]
[White "Rodriguez Bittar, Karim Javier"]
[Black "Estremera Panos, Sergio"]
[Result "1/2-1/2"]
[ECO "B26"]
[WhiteElo "1881"]
[BlackElo "2262"]
[Annotator "RC"]
[PlyCount "100"]
[EventDate "2022.08.06"]
[EventType "swiss"]
[EventCountry "ESP"]
[SourceTitle "playchess.com"]
[Source "ChessBase"]
[SourceQuality "1"]
[TimeControl "5400+30"]

1. e4 c5 2. Nc3 Nc6 3. g3 g6 4. Bg2 Bg7 5. Nge2 d6 6. d3 e5 7. Be3 Nge7 8. Qd2 Nd4 9. h3 O-O 10. f4 Be6 11. O-O Qd7 12. Kh2 Rae8 13. Rae1 b6 14. fxe5 dxe5 15. Ng1 f6 16. b3 Rd8 17. a4 Nec6 18. Na2 Rc8 19. Nc1 Rfd8 20. Qd1 Qf7 21. Rf2 Na5 22. Nf3 Nxf3+ 23. Qxf3 Nc6 24. Ref1 Nd4 25. Qd1 Qe7 26. Ne2 Nc6 27. Qb1 Nb4 28. Rd1 Rd7 29. Rff1 Rcd8 30. Bd2 h5 31. Ng1 Nc6 32. Nf3 Kh7 33. Be3 Nd4 34. Nh4 Bf7 35. Rf2 g5 36. Nf5 Nxf5 37. Rxf5 c4 38. bxc4 Bxc4 39. Rdf1 Be6 40. R5f2 Kg6 41. Rd2 Qa3 42. Qb5 Qc3 43. Rfd1 Rc7 44. Bg1 Bf7 45. Bf2 Be8 46. Qa6 Qb4 47. d4 Qxa4 48. Qe2 exd4 49. Bxd4 Rc4 50. c3 Qc6 1/2-1/2

[Event "IV Estrellas 2022"]
[Site "La Palma"]
[Date "2022.08.07"]
[Round "2.17"]
[White "Cubas Cabrera, Angel Luis"]
[Black "Baeza Escudero, Javier"]
[Result "1-0"]
[ECO "E05"]
[WhiteElo "2207"]
[BlackElo "1861"]
[Annotator "RC"]
[PlyCount "93"]
[EventDate "2022.08.06"]
[EventType "swiss"]
[EventCountry "ESP"]
[SourceTitle "playchess.com"]
[Source "ChessBase"]
[SourceQuality "1"]
[TimeControl "5400+30"]

1. d4 Nf6 2. Nf3 d5 3. g3 e6 4. Bg2 Be7 5. O-O O-O 6. c4 dxc4 7. Qc2 a6 8. a4 Bd7 9. Qxc4 b5 10. Qc2 Bc6 11. Bg5 Be4 12. Qd1 b4 13. Nbd2 Bd5 14. Qc2 Nbd7 15. Bxf6 gxf6 16. Rfd1 f5 17. e4 fxe4 18. Nxe4 Ra7 19. Ne5 Nxe5 20. dxe5 c6 21. Qc1 f5 22. Nc5 Qb6 23. Nd3 Bxg2 24. Kxg2 Kg7 25. Qc4 c5 26. Nf4 Kf7 27. Rac1 Re8 28. Kg1 Raa8 29. a5 Qc6 30. Qxb4 Rab8 31. Qc3 Qb5 32. Rc2 Rec8 33. Qf3 Qb3 34. Qh5+ Kg8 35. Rcd2 Rb7 36. Qh6 Bf8 37. Qxe6+ Qxe6 38. Nxe6 Bh6 39. Rd8+ Rxd8 40. Rxd8+ Kf7 41. Nxc5 Rxb2 42. Rd7+ Kg8 43. Nxa6 Rb5 44. e6 Bg5 45. Nc7 Rxa5 46. e7 Bxe7 47. Rxe7 1-0

[Event "IV Estrellas 2022"]
[Site "La Palma"]
[Date "2022.08.07"]
[Round "2.18"]
[White "Marin Dorta, Alejandro"]
[Black "Capote Robayna, Nathaniel"]
[Result "1-0"]
[ECO "B22"]
[WhiteElo "1869"]
[BlackElo "2150"]
[Annotator "RC"]
[PlyCount "67"]
[EventDate "2022.08.06"]
[EventType "swiss"]
[EventCountry "ESP"]
[SourceTitle "playchess.com"]
[Source "ChessBase"]
[SourceQuality "1"]
[TimeControl "5400+30"]

1. e4 c5 2. Nf3 Nc6 3. c3 d5 4. exd5 Qxd5 5. d4 Bf5 6. Be3 Nf6 7. Na3 cxd4 8. Nb5 O-O-O 9. Nbxd4 Nxd4 10. Bxd4 Bg4 11. Be2 e6 12. Qa4 e5 13. Bxa7 Bxf3 14. gxf3 Qd2+ 15. Kf1 Bd6 16. Qb3 Qh6 17. h4 Nh5 18. Qc4+ Bc7 19. Qg4+ Rd7 20. Bb5 Nf6 21. Bxd7+ Nxd7 22. Be3 Qa6+ 23. Kg2 g6 24. Rhd1 f5 25. Qb4 f4 26. Bc5 Nxc5 27. Qxc5 Qf6 28. Rd5 e4 29. Qd4 exf3+ 30. Kxf3 Qf8 31. Rd1 Rg8 32. b4 Qh6 33. Qa7 Qxh4 34. Qa8+ 1-0

[Event "IV Estrellas 2022"]
[Site "La Palma"]
[Date "2022.08.07"]
[Round "3.1"]
[White "Pulvett Marin, Daniel Eduardo"]
[Black "Del Rey, Diego"]
[Result "1/2-1/2"]
[ECO "D40"]
[WhiteElo "2523"]
[BlackElo "2358"]
[Annotator "TA"]
[PlyCount "90"]
[EventDate "2022.08.06"]
[EventType "swiss"]
[EventCountry "ESP"]
[SourceTitle "playchess.com"]
[Source "ChessBase"]
[SourceQuality "1"]
[TimeControl "5400+30"]

1. d4 d5 2. c4 e6 3. Nf3 a6 4. e3 Nf6 5. Nc3 c5 6. a3 Nc6 7. Be2 {D40: Queen's Gambit Declined: Semi-Tarrasch with 5 e3.} Be7 8. dxc5 Bxc5 9. b4 {White is slightly better.} Bb6 10. Bb2 O-O 11. O-O {[#]} dxc4 $146 ({Predecessor:} 11... Bc7 12. Qc2 Ng4 13. Rad1 Qd6 14. g3 Nf6 15. Ng5 h6 16. Nxd5 exd5 17. Rxd5 hxg5 18. Rxd6 Bxd6 {½-½ (34) Guerra Fornerino,J (2131)-Alcala Vitora,W (2034) Caracas 2014}) 12. Bxc4 Qe7 13. Qc2 Bd7 14. Rfd1 h6 15. Ne4 Nxe4 16. Qxe4 {[%cal Od1d7] aiming for Rxd7!} f5 {[#]} (16... Bc7 $14) 17. Qh4 $1 $16 Qxh4 18. Nxh4 Bc8 19. Rd2 ({White should try} 19. Ng6) 19... Bc7 20. Ng6 Rd8 21. Rad1 {[%cal Og6e7] 0x0.001e3cb184b3dp-1022s more active pieces.} (21. Rc2 {looks sharper.} Kf7 22. Nh4 g6 23. Nf3) 21... Rxd2 22. Rxd2 Kf7 $1 23. Nh8+ (23. Nh4 $5 ) 23... Kg8 $1 24. Ng6 Kf7 $1 25. Nh4 g6 26. Nf3 Ra7 27. Bb3 b5 28. Nd4 Nxd4 29. Bxd4 Rb7 30. Kf1 g5 31. h3 Bb8 32. g4 {[#] Strongly threatening gxf5.} Kg6 33. f3 Rc7 {[%emt 1:47:00] The position is equal.} 34. Ke2 Rc1 35. Rc2 Rxc2+ 36. Bxc2 $11 {[%emt 0:00:30][%mdl 4096] Endgame KBB-KBB} h5 37. e4 fxg4 38. e5+ ({Much weaker is} 38. fxg4 e5 39. Bb6 hxg4 40. hxg4 Bxg4+ 41. Kf2 Bc8 $15) ({Reject} 38. hxg4 hxg4 39. fxg4 e5 $15) 38... Kf7 39. fxg4 hxg4 40. hxg4 Bb7 41. a4 bxa4 42. Bxa4 Bd5 43. Ke3 Bc7 44. Bd1 Bc4 45. Bc2 a5 {[%emt 0:00:30] Weighted Error Value: White=0.08 (flawless) /Black=0.07 (flawless)} 1/2-1/2

[Event "IV Estrellas 2022"]
[Site "La Palma"]
[Date "2022.08.07"]
[Round "3.2"]
[White "Herrera Reyes, Jose Antonio"]
[Black "Martinez Duany, Lelys Stanley"]
[Result "1-0"]
[ECO "B23"]
[WhiteElo "2345"]
[BlackElo "2497"]
[Annotator "TA"]
[PlyCount "78"]
[EventDate "2022.08.06"]
[EventType "swiss"]
[EventCountry "ESP"]
[SourceTitle "playchess.com"]
[Source "ChessBase"]
[SourceQuality "1"]
[TimeControl "5400+30"]

1. e4 c5 2. Nc3 Nc6 3. b3 g6 4. Bb2 Bg7 5. h4 h6 {[%emt 0:01:21] [#]} 6. Bb5 $146 {[%emt 0:02:36] B23: Closed Sicilian: Lines without g3.} ({Predecessor:} 6. Qc1 Nf6 7. Nd5 d6 8. Ne2 O-O 9. f3 Re8 10. h5 g5 11. Ne3 e6 12. Ng3 {0-1 (22) Herrera Reyes,J (2345)-Iturrizaga Bonelli,E (2619) Biel 2022}) 6... Nd4 7. Bd3 d6 8. Nge2 {[%emt 0:07:48][%cal Bg1e2,Be2g3,Bg3f1,Bf1e3][%mdl 32] The position is equal.} Nc6 9. Bb5 Bd7 10. Bxc6 Bxc6 11. h5 e5 12. Ng3 Ne7 13. Qe2 Qd7 14. O-O-O (14. hxg6 $11 fxg6 15. a4) 14... O-O-O (14... g5 $15) 15. Kb1 Rhf8 16. f3 Kb8 17. Nf1 f5 18. hxg6 Nxg6 (18... Rf6 $11 {was preferrable.}) 19. Ne3 $14 Nf4 20. Qe1 fxe4 21. fxe4 h5 22. g3 Nh3 23. Rh2 {[%emt 0:00:05] Inhibits Nf2.} Ng5 24. Qh1 Rf3 25. Ncd5 Qf7 (25... Rxg3 $14 26. Rxh5 Bxd5 27. Nxd5 Rf8) 26. d3 $16 Bxd5 27. Nxd5 Rxg3 28. Rxh5 Rf8 (28... Qf3 $14) 29. Bc1 $1 Ne6 {[%emt 0:02:36] [#]} 30. Rf5 $1 {[%emt 0:00:29] Prevents Qf3.} Qg6 (30... Qe8 $16) 31. Qh4 Re8 32. Rdf1 a6 33. Rf7 {[%emt 0:10:37] And now Re7 would win.} Rg4 34. Qh1 {[%emt 0:02:14] White is much more active.} ({White should try} 34. Qh3 $16) 34... Nf4 $1 $11 35. Rd7 Qe6 36. Rc7 Rh8 (36... Qg6 $11 37. Rd7 (37. Bxf4 exf4 38. Rd1 Re5 $11) 37... Qe6) 37. Qf3 $16 {[%emt 0:00:37] Re7 is the strong threat.} Rf8 $2 {[%emt 0:01:03] [#]} (37... Bh6 $16 {is a better defense.}) 38. Re7 $1 $18 ({Wrong is} 38. Nxf4 $2 exf4 39. Rxg7 (39. Re7 $2 Qxe7 40. Qxg4 Qf6 $19) 39... Rxg7 $19) 38... Qg6 39. Nxf4 (39. Bxf4 exf4 40. Qf2 Bd4 $17) 39... Qg5 {[%emt 0:00:29] Weighted Error Value: White=0.12 (very precise) /Black=0.23 (precise)} 1-0

[Event "IV Estrellas 2022"]
[Site "La Palma"]
[Date "2022.08.07"]
[Round "3.3"]
[White "Acosta Sosa, Juan Manuel"]
[Black "Del Rio De Angelis, Salvador G."]
[Result "0-1"]
[ECO "E18"]
[WhiteElo "2310"]
[BlackElo "2442"]
[Annotator "TA"]
[PlyCount "71"]
[EventDate "2022.08.06"]
[EventType "swiss"]
[EventCountry "ESP"]
[SourceTitle "playchess.com"]
[Source "ChessBase"]
[SourceQuality "1"]
[TimeControl "5400+30"]

1. c4 b6 2. Nc3 e6 3. Nf3 Bb7 4. g3 Nf6 5. Bg2 Be7 6. O-O O-O 7. d4 Ne4 8. Nxe4 Bxe4 9. Ne1 Bxg2 10. Nxg2 c6 11. d5 {[%emt 0:05:01] E18: Queen's Indian: Old Main Line (4 g3 Bb7 5 Bg2 Be7 6 0-0 0-0 7 Nc3).} exd5 12. cxd5 {[%emt 0:00:07] [#]} c5 $146 ({Predecessor:} 12... Bf6 13. e4 Re8 14. f3 cxd5 15. Qxd5 Nc6 16. Ne3 Rc8 17. Kg2 Nd4 18. Bd2 Rc5 19. Qb7 Rc7 20. Qd5 Rc5 21. Qb7 Rc7 22. Qd5 {½-½ (22) Neelotpal,D (2445)-Burmakin,V (2559) Benasque 2013}) 13. Qc2 {[%emt 0:03:31] The position is equal.} d6 14. Bd2 Bf6 15. Bc3 Nd7 16. Ne3 Re8 17. a4 a6 18. Bxf6 (18. Nf5 $11) 18... Nxf6 $15 19. Qd3 Re5 20. Rfd1 Rh5 21. Qc4 Qd7 22. f3 Re8 23. Qf4 (23. Nf1 $1 $15) 23... b5 $2 ({Weaker is} 23... Qh3 24. g4 Rhe5 25. Nc4 Rxe2 26. Qg3 Qxg3+ 27. hxg3 $17) (23... Rhe5 $1 $19 24. Ra3 Nh5) 24. axb5 axb5 25. g4 Rhe5 26. Nf5 {[%emt 0:00:59] Strongly threatening e4.} Nxd5 27. Qd2 {[%emt 0:11:06] [#]} Ne3 $1 28. Qxd6 {[%emt 0:05:55] [#]} Qxd6 (28... Qc8 $1 $17 29. Nxe3 Rxe3) 29. Nxd6 $11 {[%emt 0:00:02] Black must now prevent f4.} Nxd1 30. Nxe8 Nxb2 $17 {[%emt 0:00:15][%mdl 4096] Endgame KRN-KRN} 31. Ra8 g5 32. Nd6+ (32. h4 $11) 32... Kg7 $15 33. Nxb5 Rxe2 {[%emt 0:00:27] Black is better.} 34. Nc3 Re3 {[%emt 0:00:47] Black is more active.} 35. Ne4 Rxf3 {[%emt 0:00:15] Hoping for ...Rf4.} 36. Nxc5 {[%emt 0:01:24] Weighted Error Value: White=0.26 (precise) /Black=0.23 (precise)} 0-1

[Event "IV Estrellas 2022"]
[Site "La Palma"]
[Date "2022.08.07"]
[Round "3.4"]
[White "Baskin, Robert"]
[Black "Brito Garcia, Alfredo"]
[Result "1-0"]
[ECO "C14"]
[WhiteElo "2408"]
[BlackElo "2291"]
[Annotator "TA"]
[PlyCount "49"]
[EventDate "2022.08.06"]
[EventType "swiss"]
[EventCountry "ESP"]
[SourceTitle "playchess.com"]
[Source "ChessBase"]
[SourceQuality "1"]
[TimeControl "5400+30"]

1. e4 e6 2. d4 d5 3. Nc3 Nf6 4. Bg5 Be7 5. e5 Nfd7 6. h4 h6 7. Bxe7 Qxe7 8. f4 a6 {[%emt 0:03:40] C14: French: Classical System: 4 Bg5 Be7 main line.} 9. Nf3 c5 10. Qd2 Nc6 {[%emt 0:04:01] White has an edge.} 11. Ne2 b5 12. g4 h5 (12... b4 $11) 13. gxh5 $16 {[%emt 0:02:08] [#]} cxd4 $146 (13... Nb6 $142) ({Predecessor:} 13... Rxh5 14. O-O-O Bb7 15. Kb1 O-O-O 16. Bh3 Kb8 17. f5 Nxd4 18. Nexd4 cxd4 19. Bg4 Rhh8 20. Qxd4 exf5 21. Bxf5 {1-0 (64) Ojeda,J (2290)-Pisani,C (2139) ICCF email 2016}) 14. Nexd4 Nxd4 15. Qxd4 Qc5 16. Qd2 Rxh5 17. Bd3 g6 ({Better is} 17... Bb7) 18. O-O-O Nb6 {[%emt 0:08:24] [#]} 19. Ng5 (19. Qg2 $1 $16) 19... Nc4 $1 $14 20. Bxc4 Qxc4 21. b3 $36 {[%emt 0:09:43][%mdl 2048] White has the initiative.} Qc5 {[%emt 0:01:21][%mdl 8192] [#] A mistake that costs the game.} (21... Qc7 $1 $14) 22. Ne4 $1 $18 {[%emt 0:00:45][%mdl 512] White is clearly winning.} Qa3+ (22... Qc7 23. Nf6+) 23. Kb1 {[%emt 0:00:05] And now Nf6+ would win.} Ke7 24. Nf6 Rh8 (24... Qc5 $142 25. Nxh5 gxh5) 25. f5 {[%emt 0:03:44] Weighted Error Value: White=0.13 (very precise) /Black=0.67} 1-0

[Event "IV Estrellas 2022"]
[Site "La Palma"]
[Date "2022.08.07"]
[Round "3.5"]
[White "Cubas Cabrera, Angel Luis"]
[Black "Geske, Julian"]
[Result "1/2-1/2"]
[ECO "D12"]
[WhiteElo "2207"]
[BlackElo "2386"]
[Annotator "TA"]
[PlyCount "63"]
[EventDate "2022.08.06"]
[EventType "swiss"]
[EventCountry "ESP"]
[SourceTitle "playchess.com"]
[Source "ChessBase"]
[SourceQuality "1"]
[TimeControl "5400+30"]

1. d4 d5 2. Nf3 Nf6 3. c4 c6 4. e3 Bf5 5. Nc3 e6 6. Be2 h6 7. O-O Be7 8. b3 O-O 9. Bb2 Nbd7 10. Qc1 {[%emt 0:07:38] D12: Slav Defence: 3 Nf3 Nf6 4 e3 Bf5.} Qa5 {[%emt 0:06:27] [#]} 11. a3 $146 ({Predecessor:} 11. a4 Rfe8 12. Ba3 Bxa3 13. Rxa3 dxc4 14. Bxc4 e5 15. Qb2 exd4 16. Nxd4 Bg6 17. b4 Qc7 {½-½ (38) Schoebel,W (2270)-Kunze,C (2285) Germany 2009}) 11... Rac8 12. b4 Qc7 13. Qd1 Ne4 14. Nxe4 Bxe4 15. Rc1 Qb8 16. Qb3 Bd6 17. h3 (17. g3 {keeps more tension.} dxc4 18. Qxc4 b5 19. Qc3) 17... dxc4 18. Qxc4 Rfe8 19. Rfd1 Rcd8 20. Nd2 Bg6 21. Qb3 e5 22. Nc4 Bc7 23. dxe5 (23. a4 {is interesting.} exd4 24. Bxd4 Nf8 25. Bg4) 23... Nxe5 {[%emt 0:00:20] The position is equal.} 24. Nxe5 Bxe5 25. Bxe5 Qxe5 26. Bf3 Bf5 27. Qa4 a6 28. Rxd8 Rxd8 29. Rd1 Qc7 30. Rd4 Rxd4 31. exd4 Be6 32. Qd1 {[%emt 0:00:00] Weighted Error Value: White=0.04 (flawless) /Black=0.05 (flawless)} 1/2-1/2

[Event "IV Estrellas 2022"]
[Site "La Palma"]
[Date "2022.08.07"]
[Round "3.6"]
[White "Roeder, Matthias"]
[Black "Hernandez Leon, Sergio"]
[Result "1-0"]
[ECO "A05"]
[WhiteElo "2357"]
[BlackElo "2094"]
[Annotator "RC"]
[PlyCount "67"]
[EventDate "2022.08.06"]
[EventType "swiss"]
[EventCountry "ESP"]
[SourceTitle "playchess.com"]
[Source "ChessBase"]
[SourceQuality "1"]
[TimeControl "5400+30"]

1. Nf3 Nf6 2. g3 b5 3. Bg2 Bb7 4. O-O e6 5. d3 Be7 6. e4 d6 7. a4 b4 8. Nbd2 O-O 9. Re1 c5 10. a5 Qc7 11. Nc4 a6 12. e5 dxe5 13. Nfxe5 Bxg2 14. Kxg2 Nbd7 15. Nxd7 Qxd7 16. Nb6 Qc6+ 17. Qf3 Qxf3+ 18. Kxf3 Rad8 19. Ke2 Nd5 20. Be3 f6 21. f4 Kf7 22. Bf2 Rfe8 23. Nc4 Rb8 24. Kf3 Rec8 25. Re2 Rc6 26. Rae1 Bf8 27. g4 Rd8 28. Bg3 Ne7 29. Rd2 Rd7 30. Nb6 Rd8 31. Nc4 Nc8 32. h4 Nd6 33. Red1 Nb5 34. Bf2 1-0

[Event "IV Estrellas 2022"]
[Site "La Palma"]
[Date "2022.08.07"]
[Round "3.7"]
[White "Marin Dorta, Alejandro"]
[Black "Garcia Blanco, Omar"]
[Result "0-1"]
[ECO "B22"]
[WhiteElo "1869"]
[BlackElo "2352"]
[Annotator "RC"]
[PlyCount "66"]
[EventDate "2022.08.06"]
[EventType "swiss"]
[EventCountry "ESP"]
[SourceTitle "playchess.com"]
[Source "ChessBase"]
[SourceQuality "1"]
[TimeControl "5400+30"]

1. e4 c5 2. c3 Nf6 3. e5 Nd5 4. d4 cxd4 5. cxd4 d6 6. Nf3 Nc6 7. Bc4 e6 8. O-O Be7 9. Qe2 O-O 10. Rd1 Bd7 11. Bd2 Rc8 12. Nc3 Nb6 13. Bd3 dxe5 14. dxe5 Nb4 15. Be4 Bc6 16. Be3 Qe8 17. Bxb6 axb6 18. a3 Bxe4 19. Qxe4 Nc6 20. Rac1 Na5 21. Nd4 Rc4 22. Qd3 Qb8 23. b4 Rd8 24. Ncb5 Rxc1 25. Rxc1 Nc6 26. f4 Rd5 27. Qc4 Qd8 28. Nxc6 bxc6 29. Qxc6 g5 30. Nc3 Rd3 31. Ne2 Rxa3 32. Qe4 Qd2 33. Kf2 Bxb4 0-1